 Dungeon Crawl Stone Soup version 0.31-a0-1067-gb2354cd (webtiles) character file.

Game seed: 12947353339024006295

8 Goosegoat the Ruffian (level 2, 14/21 HPs)
             Began as a Demonspawn Shapeshifter on Nov 22, 2023.
             Quit the game on level 1 of the Dungeon.
             The game lasted 00:00:57 (438 turns).

Goosegoat the Ruffian (Demonspawn Shapeshifter)      Turns: 438, Time: 00:00:58

Health: 14/21      AC:  2    Str: 14    XL:     2   Next: 0%
Magic:  2/2        EV: 12    Int: 11    God:
Gold:   31         SH:  0    Dex: 12    Spells: 1/1 levels left

rFire   . .          .
                       - Unarmed
rCold   . . .        (no shield)
rNeg    . . .        a - +0 animal skin
rPois   .            (helmet currently unavailable)
rElec   .            (cloak currently unavailable)
rCorr   .            (gloves currently unavailable)
SInv    .            (boots currently unavailable)
Will    .....        (no amulet)
Stlth   +            (no ring)
HPRegen 0.23/turn    (no ring)
MPRegen 0.08/turn

%: no passive effects
@: beast-form
A: beast (slay +1), horns 1
a: Begin Untransformation


You were on level 1 of the Dungeon.
You were a hulking beast.
You visited 1 branch of the dungeon, and saw 1 of its levels.

You collected 31 gold pieces.

Inventory:

Armour
 a - a +0 animal skin (worn)
Jewellery
 g - an amulet of magic regeneration
Talismans
 c - a beast talisman
 d - a flux talisman
Scrolls
 h - a scroll of identify {unknown}
Potions
 b - a potion of lignification
 e - a potion of brilliance {unknown}
 f - a potion of degeneration {unknown}


   Skills:
 + Level 1.3 Fighting
 + Level 2.0 Dodging
 + Level 2.8 Unarmed Combat
 + Level 2.8 Shapeshifting


You had one spell level left.
You didn't know any spells.
Your spell library was empty.

Dungeon Overview and Level Annotations

Branches:
Dungeon (1/15)

Altars:


Innate Abilities, Weirdness & Mutations

You are a hulking beast.
Your limbs bulge with bestial killing power. (Slay +1)
You have a pair of small horns on your head.


Message History

You hit the endoplasm.
You kill the endoplasm!
You punch the kobold!
You kill the kobold!
You hit the endoplasm but do no damage.
The endoplasm is severely wounded.
The endoplasm freezes you.
You are frozen.
You hit the endoplasm.
You kill the endoplasm!
Items here: ( ) ††.
h - a scroll labelled HUFFUO WYUMEM You now have 31 gold pieces (gained 15).
You open the door.
There is an open door here.
Items here: ( ) ††.
You open the door.
There is an open door here.
A ball python and a goblin come into view.
The ball python hisses angrily.
The goblin shouts!
The ball python attacks as it pursues you!
The ball python closely misses you. The ball python barely misses you.
You barely miss the ball python. The ball python bites you.
The ball python grabs you. The ball python constricts you.
You closely miss the ball python. The ball python bites you.
The ball python constricts you.
You hit the ball python.
The ball python is moderately wounded.
The ball python closely misses you. The ball python constricts you.
You hit the ball python.
You kill the ball python!
You closely miss the goblin. The goblin hits you with a +0 dagger.
You barely miss the goblin. The goblin closely misses you.
You hit the goblin.
You kill the goblin!
Your Dodging skill increases to level 2!
You have reached level 2!
Your demonic ancestry asserts itself...
A pair of horns grows on your head!
Are you sure you want to abandon this character and quit the game? (Confirm with "yes".)

#.#
#..........#########
#.# #.#.##..#### #.#
#.#...>##
#.######.######
#....#.....#
#...##.....#
#...##.....#
#..^.......#
#.........h########
#.......###).......
##......# #........
#......# #........
#.................
#.[...............
#######...........
..........
...#.######


There were no monsters in sight!

Vanquished Creatures
  A bat (D:1)
  2 endoplasms (D:1)
  A goblin (D:1)
  A kobold (D:1)
  A ball python (D:1)
  A frilled lizard (D:1)
7 creatures vanquished.

Vanquished Creatures (others)
  A ghoul (D:1)
  A vine stalker (D:1)
  An elf (D:1)
  3 trolls (D:1)
  A formicid (D:1)
  A naga (D:1)
  An ogre (D:1)
  A felid (D:1)
  A mummy (D:1)
  A gnoll (D:1)
  8 tentacles (D:1)
20 creatures vanquished.

Grand Total: 27 creatures vanquished

Notes
Turn   | Place    | Note
-------+----------+-------------------------------------------
     0 | D:1      | Goosegoat the Demonspawn Shapeshifter began the quest for
                  | the Orb.
     0 | D:1      | Reached XP level 1. HP: 15/15 MP: 1/1
     0 | D:1      | Noticed a ghoul
     0 | D:1      | Noticed an ogre
     0 | D:1      | Noticed a vine stalker
     0 | D:1      | Noticed a troll
     0 | D:1      | Noticed a formicid
     0 | D:1      | Noticed a kraken
     0 | D:1      | Noticed a troll
     0 | D:1      | Noticed a naga
     0 | D:1      | Noticed an elf
     0 | D:1      | Noticed a felid
     0 | D:1      | Noticed a troll
     5 | D:1      | Killed a formicid
     5 | D:1      | Killed a vine stalker
     7 | D:1      | Killed a troll
     7 | D:1      | Killed an ogre
     9 | D:1      | Killed a felid
    10 | D:1      | Killed a naga
    11 | D:1      | Killed a troll
    14 | D:1      | Killed an elf
    15 | D:1      | Killed a ghoul
    20 | D:1      | Killed a troll
   438 | D:1      | Gained mutation: You have a pair of small horns on your
                  | head. [demonic ancestry]
   438 | D:1      | Reached XP level 2. HP: 14/21 MP: 2/2
   438 | D:1      | Quit the game

Illustrated notes

Levels and vault maps discovered:
D:1:      nicolae_arrival_kraken_aquarium_a, layout_basic,
          minmay_misc_feat_tower, minmay_tromino_v4_c

Skill      XL: |  1 |
---------------+----+-----
Dodging        | 2 |  2.0
Fighting       | |  1.3
Unarmed Combat | |  2.8
Shapeshifting  | |  2.8

Action                     || total
---------------------------++-------
  Melee: Unarmed           ||    32
 Armour: Animal skin       ||    18
  Dodge: Dodged            ||    21

Table legend: (Time is in decaauts)
 A = Elapsed time spent in this place.
 B = Non-inter-level travel time spent in this place.
 C = Inter-level travel time spent in this place.
 D = Time resting spent in this place.
 E = Time spent auto-exploring this place.
 F = Levels seen in this place.
 G = Mean time per level.
                   A        B        C        D        E       F      G
               +--------+--------+--------+--------+--------+-----+--------+
         Total |    436 |    436 |      0 |      0 |    378 |   1 |  436.0 |
       Dungeon |    436 |    436 |      0 |      0 |    378 |   1 |  436.0 |
               +--------+--------+--------+--------+--------+-----+--------+

Top non-repeatable levels by time:
     D:1: 436 daAuts
